 Dungeon Crawl Stone Soup version 0.31-a0-1237-gabc64e778c (webtiles) character file.

Game seed: 8846764813491846821

3885 voltaire321 the Covert (level 10, -5/66 HPs)
             Began as an Octopode Earth Elementalist on Dec 15, 2023.
             Slain by a centaur
             ... wielding a +0 spear
              (7 damage)
             ... in a bailey.
             The game lasted 00:24:23 (7611 turns).

voltaire321 the Covert (OpEE)                       Turns: 7611, Time: 00:24:23

Health: -5/66      AC:  1    Str:  8    XL:     10   Next: 19%
Magic:  8/18       EV: 15    Int: 19    God:
Gold:   469        SH:  0    Dex: 13    Spells: 10/20 levels left

rFire   . . .        p - +1 trident (venom)
rCold   . . .        (no shield)
rNeg    + . .        (helmet restricted)
rPois   .            m - amulet of regeneration
rElec   .            d - ring of positive energy
rCorr   .            (no ring)
SInv    .            (no ring)
Will    .....        (no ring)
Stlth   +++++        (no ring)
HPRegen 1.11/turn    (no ring)
MPRegen 0.16/turn    (no ring)
                     (no ring)

%: no passive effects
@: no status effects
A: almost no armour, amphibious, 8 rings, camouflage 1, gelatinous body 1,
(nimble swimmer 1), tentacles, dopey 1
a: no special abilities


You were in a bailey.
You visited 1 branch of the dungeon, and saw 7 of its levels.
You also visited: Sewer and Bailey.

You collected 469 gold pieces.

Inventory:

Hand Weapons
 e - a +0 dagger
 p - a +1 trident of venom (weapon)
 B - a +1 double sword of draining
Missiles
 w - 2 curare-tipped darts
Magical Staves
 s - a staff of conjuration
Jewellery
 d - a ring of positive energy (left tentacle)
 m - an amulet of regeneration (around mantle)
 n - a ring of fire
 y - an amulet of magic regeneration
 C - an amulet of guardian spirit
Scrolls
 b - 5 scrolls of identify {unknown}
 c - a scroll of fog {unknown}
 f - 3 scrolls of teleportation {unknown}
 g - 2 scrolls of amnesia {unknown}
 j - 2 scrolls of noise {unknown}
 r - a scroll of vulnerability {unknown}
 t - 2 scrolls of immolation {unknown}
 v - a scroll of poison {unknown}
 E - a scroll of torment {unknown}
 F - a scroll of enchant weapon {unknown}
 G - a scroll of revelation {unknown}
 H - 2 scrolls of enchant armour {unknown}
Potions
 a - 2 potions of magic
 h - 2 potions of haste {unknown}
 i - a potion of curing
 k - 2 potions of attraction {unknown}
 l - 2 potions of brilliance {unknown}
 o - a potion of ambrosia {unknown}
 q - 3 potions of degeneration {unknown}
 u - 2 potions of mutation
 x - 2 potions of heal wounds {unknown}
 z - a potion of cancellation {unknown}
 A - a potion of lignification {unknown}
 D - 2 potions of berserk rage {unknown}
 I - a potion of resistance {unknown}
 J - a potion of invisibility {unknown}


   Skills:
 + Level 5.5 Fighting
 + Level 6.2 Dodging
 + Level 9.0 Stealth
 + Level 5.8 Spellcasting
 + Level 5.3 Conjurations
 - Level 2.0 Transmutations
 + Level 6.5 Earth Magic


You had 10 spell levels left.
You knew the following spells:

 Your Spells              Type           Power      Damage    Failure   Level
a - Sandblast             Erth           60%        2d14      1%          1
b - Passwall              Tmut/Erth      17%        N/A       3%          2
c - Stone Arrow           Conj/Erth      56%        3d10      3%          3
d - Brom's Barrelling Bo  Conj/Erth      28%        2d5       10%         4

Your spell library contained the following spells:

 Spells                   Type           Power      Damage    Failure   Level
 Kiss of Death            Conj/Necr      60%        2d10      3%          1
 Petrify                  Tmut/Erth      21%        N/A       21%         4
 Confusing Touch          Hex            5%         N/A       34%         3
 Dispel Undead            Necr           5%         3d7       75%         4


Dungeon Overview and Level Annotations

Branches:
Dungeon (7/15)              Sewer (visited)          Bailey (1/1)
 Temple: D:4-7

Altars:
Elyvilon
Hepliaklqana
Nemelex Xobeh
Ru
Xom

Annotations:
D:6 1 runed translucent door, ytrimaz's ghost, novice OpSh
D:7 Joseph; Maurice


Innate Abilities, Weirdness & Mutations

You cannot wear most types of armour.
You are amphibious.
You can wear up to eight rings at the same time.
Your skin changes colour to match your surroundings (Stealth+).
Your rubbery body absorbs attacks. (AC +1, EV +1)
((You are camouflaged when in or above water. (Stealth+)))
You have tentacles for arms and can constrict up to eight enemies at once.
You are dopey. (Int -2)


Message History

The stone arrow misses the centaur.
The centaur barely misses you. The centaur kicks you.
The centaur misses you. x2
The centaur kicks you but does no damage.
Casting: Stone Arrow (dangerous; 3% risk of failure)
Confirm with . or Enter, or press ? or * to list all spells.
Aiming: Stone Arrow (dangerous; 3% risk of failure)
Press: ? - help, Shift-Dir - straight line, f/p - centaur
Aim: a centaur, wielding a +0 spear, wearing a +0 chain mail and quivering javelins (90% to hit)
The stone arrow hits the centaur!
The centaur is moderately wounded.
The centaur misses you. The centaur hits you with a +0 spear.
The centaur kicks you.
The centaur throws a javelin.
The javelin closely misses you.
Casting: Stone Arrow (dangerous; 3% risk of failure)
Confirm with . or Enter, or press ? or * to list all spells.
Aiming: Stone Arrow (dangerous; 3% risk of failure)
Press: ? - help, Shift-Dir - straight line, f/p - centaur
Aim: a centaur, wielding a +0 spear, wearing a +0 chain mail and quivering javelins (moderately wounded, 90% to hit)
The stone arrow misses the centaur.
The centaur hits you with a +0 spear!
* * * LOW HITPOINT WARNING * * *
The centaur barely misses you.
The centaur throws a javelin.
The javelin pierces through you!
* * * LOW HITPOINT WARNING * * *
The centaur barely misses you. x2
You feel better.
The centaur throws a javelin.
The javelin barely misses you. The centaur hits you with a +0 spear.
* * * LOW HITPOINT WARNING * * *
The centaur closely misses you. x2
The centaur hits you but does no damage.
The centaur kicks you.
* * * LOW HITPOINT WARNING * * *
The centaur barely misses you. The centaur misses you.
The centaur completely misses you.
The centaur kicks you but does no damage.
You hit the centaur.
The centaur is poisoned.
The centaur is moderately wounded.
The centaur misses you. The centaur kicks you.
* * * LOW HITPOINT WARNING * * *
The centaur hits you with a +0 spear!
You die...

.≈≈≈.≈≈.#⌠..# .≈.......
≈..≈≈.≈.##..# ≈≈....≈≈≈
≈≈≈.≈.≈≈.#..#####...≈≈≈~~
..≈.≈≈.≈.#..'......≈≈≈~≈≈
..≈....≈.#..'......≈≈≈~~)
..≈.≈≈.≈.#..'......≈≈≈~≈≈
≈≈≈.≈.≈≈.#..#####...≈≈≈~~
≈))≈≈.≈.##..#≈≈c≈≈....≈≈≈
.≈≈≈.≈≈.#⌠.)#≈≈≈@≈.......
≈≈).≈≈..#...#≈≈≈c≈≈.⌠....
).≈≈≈.⌠.#.).#≈≈≈≈.≈......
≈≈≈....##...#≈≈≈≈.≈≈≈....
)..#####....#≈≈≈≈≈..≈≈≈..
####⌠.......#≈≈≈≈≈≈≈..≈≈≈
...........###≈≈≈≈≈≈≈≈..
..........## ##≈≈≈≈≈≈≈≈≈
≈≈≈≈≈≈≈≈≈##


You could see 2 centaurs.

Vanquished Creatures
  Grinder (D:6)
  Sigmund (D:5)
  Menkaure (D:5)
  4 water moccasins
  Duvessa (D:6)
  3 orc warriors
  3 black bears
  An ice beast (D:7)
  A sky beast (D:7)
  5 ogres
  3 centaurs (Bailey)
  3 bullfrogs
  2 scorpions (D:5)
  4 wights (D:7)
  Dowan (D:6)
  A killer bee (D:7)
  2 jellies
  A gnoll bouda (D:5)
  7 orc priests
  A sleepcap (D:7)
  Jessica (D:3)
  An iguana (D:6)
  Natasha (twice) (D:2)
  3 orc wizards
  Robin (D:3)
  7 gnolls
  5 adders
  2 river rats (D:4)
  A shadow imp (D:7)
  5 white imps
  5 ufetubi
  A worm (D:3)
  2 dart slugs (D:1)
  29 orcs
  4 bats (D:2)
  13 endoplasms
  15 giant cockroaches
  31 goblins
  4 hobgoblins
  3 jackals (D:3)
  11 quokkas
  13 ball pythons
  8 frilled lizards
  8 kobolds
  5 rats
226 creatures vanquished.

Notes
Turn   | Place    | Note
-------+----------+-------------------------------------------
     0 | D:1      | voltaire321 the Octopode Earth Elementalist began the quest
                  | for the Orb.
     0 | D:1      | Reached XP level 1. HP: 11/11 MP: 3/3
   310 | D:1      | Reached XP level 2. HP: 17/17 MP: 3/5
   398 | D:1      | Reached skill level 3 in Stealth
   831 | D:2      | Reached XP level 3. HP: 21/21 MP: 3/6
  1265 | D:2      | Noticed Natasha
  1268 | D:2      | Killed Natasha
  1269 | D:2      | Reached XP level 4. HP: 27/27 MP: 4/7
  1404 | D:2      | You fall into a shaft and drop 1 floor!
  1408 | D:3      | Learned a level 2 spell: Passwall
  1412 | D:3      | Learned a level 3 spell: Stone Arrow
  1720 | D:3      | Noticed Robin
  1914 | D:3      | Killed Robin
  1915 | D:3      | Reached XP level 5. HP: 29/32 MP: 4/9
  2224 | D:2      | Found a faded altar of an unknown god.
  2379 | D:2      | Noticed Natasha
  2386 | D:2      | Reached skill level 4 in Stealth
  2387 | D:2      | Killed Natasha
  2561 | D:3      | Noticed Jessica
  2564 | D:3      | Killed Jessica
  2565 | D:3      | Reached skill level 1 in Fighting
  2626 | D:3      | Found a sparkling altar of Nemelex Xobeh.
  2926 | D:3      | Identified the +5 sling of the Median {freeze, rF+ rC++
                  | Dex+2 Stlth-}
  3066 | D:4      | Found a sacrificial altar of Ru.
  3087 | D:4      | Reached skill level 1 in Conjurations
  3161 | D:4      | Noticed a black bear
  3224 | D:4      | Killed a black bear
  3225 | D:4      | Reached XP level 6. HP: 28/38 MP: 7/10
  3512 | D:4      | Found a glowing drain.
  3516 | Sewer    | Entered a sewer
  3709 | Sewer    | Gained mutation: You are dopey. (Int -2) [potion of
                  | mutation]
  3711 | Sewer    | Reached skill level 5 in Stealth
  3711 | Sewer    | Reached XP level 7. HP: 22/45 MP: 9/12
  3755 | Sewer    | Identified the +4 scale mail "Haocio Xang" {rPois rN+
                  | Dex+3}
  3814 | D:4      | Found a hazy altar of Hepliaklqana.
  3883 | D:4      | Identified the +0 pair of gloves "Wutits" {rF+ rN++ Str+2
                  | Int-5}
  4388 | D:5      | Entered Level 5 of the Dungeon
  4528 | D:5      | Noticed Menkaure
  4536 | D:5      | Killed Menkaure
  4537 | D:5      | Reached skill level 6 in Stealth
  4537 | D:5      | Reached XP level 8. HP: 21/51 MP: 7/13
  4861 | D:5      | Noticed Sigmund
  4955 | D:5      | Found a white marble altar of Elyvilon.
  5142 | D:5      | Killed Sigmund
  5143 | D:5      | Reached skill level 5 in Earth Magic
  5375 | D:6      | HP: 2/54 [poisoned by a water moccasin]
  5476 | D:6      | Reached skill level 7 in Stealth
  5595 | D:6      | Reached XP level 9. HP: 58/58 MP: 12/16
  5611 | D:6      | Reached skill level 5 in Dodging
  5667 | D:6      | Found a runed translucent door.
  5670 | D:6      | Found a shimmering altar of Xom.
  5670 | D:6      | Noticed ytrimaz's ghost (novice OpSh)
  5949 | D:6      | Noticed Grinder
  5953 | D:6      | Killed Grinder
  5954 | D:6      | Reached skill level 5 in Spellcasting
  6016 | D:6      | Learned a level 4 spell: Brom's Barrelling Boulder
  6026 | D:6      | Noticed Duvessa
  6026 | D:6      | Noticed Dowan
  6040 | D:6      | Killed Dowan
  6151 | D:6      | Killed Duvessa
  6833 | D:6      | Noticed a +1 mace of chaos
  6879 | D:7      | Reached skill level 8 in Stealth
  6965 | D:7      | Noticed Joseph
  6966 | D:7      | Noticed Maurice
  7074 | D:7      | Reached skill level 5 in Fighting
  7156 | D:7      | Reached skill level 5 in Conjurations
  7159 | D:7      | Reached XP level 10. HP: 32/66 MP: 0/18
  7220 | D:7      | Found a flagged portal.
  7247 | Bailey   | Entered a bailey
  7525 | Bailey   | Reached skill level 9 in Stealth
  7608 | Bailey   | HP: 1/66 [centaur/javelin (16)]
  7611 | Bailey   | Slain by a centaur

Illustrated notes

Levels and vault maps discovered:
D:1:      roderic_crossed_star, layout_loops_ring, minmay_pentomino_w2
D:2:      layout_loops_corners, shapermc_ecumenical_altar_gd,
          minmay_split_cup_small, uniq_natasha
D:3:      kennysheep_goblin_castle, layout_loops_ring, lemuel_doored_altar,
          serial_park_tiny_1, minmay_goblin_outpost, uniq_jessica, uniq_robin
D:4:      layout_gridville, nicolae_hepliaklqana_hazy_memory,
          nicolae_ru_sacrificial_ziggurat, gup_sewer_entry_spiral
D:5:      layout_loops_ring, nicolae_elyvilon_temple_path, uniq_sigmund,
          uniq_menkaure
D:6:      layout_basic, ebering_ghost_xom, uniq_duvessa, uniq_grinder
D:7:      layout_loops_ring, lemuel_temple_firewalk_b, enter_bailey_5,
          minmay_fractal_squares_diagonal_5, uniq_maurice, uniq_joseph
Bailey:   bailey_polearm_flooded_kennysheep, bailey

Skill      XL: |  1  2  3  4  5  6  7  8  9 10 |
---------------+-------------------------------+-----
Stealth        | 3 4 5 6 7 8 9 |  9.0
Transmutations | 2 |  2.0
Fighting       | 1 2 4 5 |  5.5
Dodging        | 3 4 5 6 |  6.2
Conjurations   | 1 2 3 5 |  5.3
Spellcasting   | 3 4 5 |  5.8
Earth Magic    | 4 5 6 |  6.5

Action                     |  1- 3 |  4- 6 |  7- 9 | 10-12 || total
---------------------------+-------+-------+-------+-------++-------
  Melee: Dagger            |       |     4 |       |       ||     4
         Constrict         |       |    22 |    28 |     3 ||    53
         Tentacles         |       |    18 |    27 |     8 ||    53
         Trident           |       |   102 |   121 |    75 ||   298
         Punch             |       |     1 |     1 |       ||     2
  Throw: Dart              |       |       |     2 |       ||     2
   Cast: Sandblast         |    35 |    61 |    82 |    10 ||   188
         Passwall          |       |     3 |       |       ||     3
         Stone Arrow       |       |       |    24 |     9 ||    33
    Use: Potion            |       |     1 |     1 |     2 ||     4
         Scroll            |       |       |     1 |       ||     1
   Stab: Sleeping          |       |    15 |     2 |     2 ||    19
 Armour: Skin              |     4 |    54 |   111 |    51 ||   220
  Dodge: Dodged            |     6 |    99 |   161 |   101 ||   367

Table legend: (Time is in decaauts)
 A = Elapsed time spent in this place.
 B = Non-inter-level travel time spent in this place.
 C = Inter-level travel time spent in this place.
 D = Time resting spent in this place.
 E = Time spent auto-exploring this place.
 F = Levels seen in this place.
 G = Mean time per level.
                   A        B        C        D        E       F      G
               +--------+--------+--------+--------+--------+-----+--------+
         Total |   7791 |   7540 |    251 |    929 |   4180 |   9 |  865.7 |
       Dungeon |   7130 |   6879 |    251 |    820 |   4112 |   7 | 1018.6 |
         Sewer |    276 |    276 |      0 |     17 |     19 |   1 |  276.0 |
        Bailey |    384 |    384 |      0 |     92 |     49 |   1 |  384.0 |
               +--------+--------+--------+--------+--------+-----+--------+

Top non-repeatable levels by time:
     D:6: 1503 daAuts
     D:3: 1218 daAuts
     D:4: 1097 daAuts
     D:2: 1072 daAuts
     D:5: 1019 daAuts
     D:1: 809 daAuts
     D:7: 409 daAuts
  Bailey: 384 daAuts
   Sewer: 276 daAuts
